AoeStats
← Zarko

Golden Pit

509961005Analyzed
1v1 RM · 4d ago on Sep 28, 2026· 48m 21s· 2 players
Game mode
Random Map
Map size
Tiny (2 player)
Population
200
Speed
Normal
Resources
Standard
Victory
Conquest
Starting age
Dark Age
Ending age
Imperial Age
RankedLock teamsTeams togetherTeam positionsShared explorationLock speedFull tech treeHidden civsTurbo modeCheats
Victory
Defeat
🇧🇬 Bulgarians · Bulgaria
1029
+15
🇺🇸 Romans · United States
997
-15
MOOSE THIEF
7:27 Loom
11:16 Feudal Age
12:20 Double-Bit Axe
16:33 Horse Collar
18:13 Forging
22:32 Castle Age
20:27 Man-at-Arms
21:12 Fletching
23:36 Bloodlines
23:27 Husbandry
23:30 Squires
24:02 Scale Mail Armor
24:16 Bodkin Arrow
23:48 Long Swordsman
25:50 Gold Mining
29:37 Heavy Plow
35:02 Chain Mail Armor
35:24 Iron Casting
37:16 Bow Saw
42:08 Imperial Age
42:23 Legionary
Zarko
9:11 Loom
11:38 Feudal Age
12:02 Horse Collar
12:10 Double-Bit Axe
19:53 Castle Age
17:58 Scale Mail Armor
19:56 Forging
20:01 Pikeman
21:33 Heavy Plow
21:49 Bow Saw
21:49 Husbandry
24:34 Scale Barding Armor
28:18 Gold Mining
33:55 Gold Shaft Mining
34:01 Fletching
37:23 Imperial Age
35:34 Gambesons
37:07 Stirrups
38:04 Ballistics
38:28 Iron Casting
38:18 Chain Barding Armor
39:37 Chemistry
42:12 Squires
42:31 Bodkin Arrow
43:33 Bloodlines
44:38 Elite Konnik
Connection lost

Rejoining the realm…

Still unreachable

The connection could not be restored.

Session expired

The server has moved on; the page needs a fresh start.